[Event "Saturday Night Engine Tour 7 Rd Swiss 12m+1s Starts at 2200hrs ST"]
[Site "Infinity Chess"]
[Date "2018.1.7"]
[Round "7"]
[White "incredible"]
[Black "CoffeeOne"]
[Result "1/2-1/2"]
[ECO "C65"]
[WhiteElo "2473"]
[BlackElo "2488"]
[WhiteEngine "stockfish_18010422_x64_bmi2"]
[BlackEngine "cfish-2018-01-05"]
[EventType "Swiss"]
[WhiteTeam ""]
[BlackTeam ""]
[PlyCount "203"]
[TimeControl "720+1"]

1. e4 e5 2. Nf3 Nc6 3. Bb5 Nf6 4. O-O Nxe4 5. d4 Nd6 6. Bxc6 dxc6 7. dxe5 Nf5 
8. Qxd8+ Kxd8 9. Nc3 Bd7 10. h3 b6 11. a4 a5 12. Ng5 Ke8 13. Rd1 Rd8 14. Bf4 Be7 
15. b3 h6 16. Nf3 Be6 17. g4 Nh4 18. Nxh4 Bxh4 19. Kg2 f5 20. exf6 Bxf6 
21. Rxd8+ Kxd8 22. Rd1+ Kc8 23. Ne4 Bb2 24. f3 Re8 25. Rb1 Bd4 26. Re1 Bd7 
27. Be3 Be5 28. Bf2 c5 29. c4 Bc6 30. Ng3 Bd4 31. Nf5 Bf6 32. Rxe8+ Bxe8 
33. Bg3 Kd7 34. Kf2 h5 35. Ne3 Bg6 36. Nf5 Bh7 37. Ke2 hxg4 38. hxg4 c6 
39. Kd2 g5 40. Bf2 Ke6 41. Ng3 Be5 42. Ne2 Bb1 43. Be1 Bg6 44. Kd1 Bh2 
45. Bd2 Kf6 46. Nc1 Bc7 47. Ne2 Bf7 48. Bc3+ Be5 49. Bd2 Bh2 50. Nc3 Bg6 
51. Ne4+ Bxe4 52. fxe4 Bc7 53. Kc2 Be5 54. Kd3 Bd4 55. Ke2 Kg6 56. Kf3 Be5 
57. Be3 Bd4 58. Bd2 Kf6 59. Kg3 Kg6 60. Kh2 Kf6 61. Kg3 Kg6 62. Kh2 Bg7 
63. Kh1 Bb2 64. Kh2 Bd4 65. Kg3 Kf6 66. Kg2 Bb2 67. Kg3 Be5+ 68. Kf3 Bd4 
69. Kg2 Be5 70. Kg1 Bc7 71. Kf1 Bd6 72. Bc3+ Ke6 73. Kg1 Bf4 74. Kg2 Be5 
75. Bd2 Kf6 76. Be1 Kg7 77. Kf1 Kg6 78. Bd2 Bf6 79. Be3 Be5 80. Ke2 Kf6 
81. Bf2 Bd4 82. Be1 Ke6 83. Bd2 Kf6 84. Kf3 Be5 85. Kf2 Bd6 86. Be3 Be5 
87. Kf3 Kg6 88. Ke2 Kf6 89. Ke1 Bd4 90. Bc1 Kg6 91. Ba3 Bf6 92. Kf2 Bc3 
93. Bc1 Kf6 94. Kg2 Be5 95. Be3 Bc3 96. Bc1 Bd4 97. Kf3 Ba1 98. Kg2 Bd4 
99. Kh2 Be5+ 100. Kg1 Kg6 101. Kh1 Bd6 102. Kg2 1/2-1/2

[Event "Saturday Night Engine Tour 7 Rd Swiss 12m+1s Starts at 2200hrs ST"]
[Site "Infinity Chess"]
[Date "2018.1.7"]
[Round "7"]
[White "Victorious"]
[Black "Gilgamesch"]
[Result "1/2-1/2"]
[ECO "C50"]
[WhiteElo "2503"]
[BlackElo "2475"]
[WhiteEngine "Houdini 6"]
[BlackEngine "BrainFish_171005_x64_bmi2"]
[EventType "Swiss"]
[WhiteTeam ""]
[BlackTeam ""]
[PlyCount "129"]
[TimeControl "720+1"]

1. e4 e5 2. Nf3 Nc6 3. Bc4 Bc5 4. d3 Nf6 5. O-O d6 6. a4 a5 7. c3 h6 8. Qe2 O-O 
9. Re1 Ng4 10. Rf1 Nf6 11. h3 Re8 12. Re1 Bd7 13. Qd1 Qc8 14. Be3 Bxe3 
15. Rxe3 Be6 16. Bb5 Bd7 17. Nbd2 Ne7 18. d4 Ng6 19. Bf1 b6 20. Qc2 Qb7 
21. Rd1 b5 22. axb5 Bxb5 23. Bxb5 Qxb5 24. c4 Qb7 25. d5 Reb8 26. b3 Nd7 
27. Kh2 Nc5 28. Ra1 Nf4 29. Ne1 Kh7 30. g3 Nh5 31. Qd1 Nf6 32. Kg2 g6 33. Ra2 c6 
34. Nd3 Nfd7 35. Nxc5 Nxc5 36. h4 Qd7 37. Qa1 cxd5 38. exd5 Qd8 39. h5 gxh5 
40. Rf3 Rb7 41. Qc3 Qe7 42. Rf5 h4 43. Qe3 hxg3 44. fxg3 a4 45. bxa4 Rg8 
46. Ne4 Rb3 47. Qf2 Nxe4 48. Rxf7+ Kh8 49. Rxe7 Nxf2 50. Rxf2 Rgxg3+ 
51. Kh2 Rh3+ 52. Kg1 Rhg3+ 53. Rg2 Rh3 54. Rg6 Rb1+ 55. Kg2 Ra3 56. Rxh6+ Kg8 
57. Rf6 Rb2+ 58. Rf2 Rxf2+ 59. Kxf2 Rxa4 60. c5 dxc5 61. d6 Kf8 62. Rxe5 Rd4 
63. Rf5+ Ke8 64. Re5+ Kd7 65. Rxc5 1/2-1/2

[Event "Saturday Night Engine Tour 7 Rd Swiss 12m+1s Starts at 2200hrs ST"]
[Site "Infinity Chess"]
[Date "2018.1.7"]
[Round "7"]
[White "Satria_Ungu"]
[Black "MGR"]
[Result "1/2-1/2"]
[ECO "E40"]
[WhiteElo "2453"]
[BlackElo "2475"]
[WhiteEngine "Houdini 6"]
[BlackEngine "asmFishW_2017-11-19_bmi2"]
[EventType "Swiss"]
[WhiteTeam ""]
[BlackTeam ""]
[PlyCount "133"]
[TimeControl "720+1"]

1. d4 Nf6 2. c4 e6 3. Nc3 Bb4 4. e3 O-O 5. Nge2 d5 6. a3 Be7 7. cxd5 exd5 
8. Nf4 c6 9. Bd3 Bd6 10. O-O Re8 11. Qc2 Nbd7 12. f3 Qc7 13. Kh1 Nf8 14. g4 Ng6 
15. Nh5 Qd8 16. Ng3 Be6 17. Nf5 Bf8 18. g5 Nd7 19. f4 Nb6 20. h4 h5 21. Qh2 Bxf5 
22. Bxf5 Nc4 23. Qh3 Ne7 24. Bd3 Nd6 25. f5 Qd7 26. Kg2 g6 27. fxg6 Qxh3+ 
28. Kxh3 fxg6 29. Rf6 Rad8 30. Rb1 Bg7 31. Rxg6 Nxg6 32. Bxg6 Re7 33. Bxh5 Rf8 
34. Nd1 c5 35. dxc5 Ne4 36. b4 Be5 37. Bb2 Bxb2 38. Rxb2 Rh7 39. Bg6 Rf3+ 
40. Kg2 Rg3+ 41. Kf1 Rxh4 42. Bxe4 dxe4 43. Rf2 Rxg5 44. Nc3 Rg7 45. Nb5 Rh1+ 
46. Ke2 Ra1 47. Nc3 Rxa3 48. Nxe4 Ra2+ 49. Kd3 Rxf2 50. Nxf2 Kf7 51. Kd4 Ke6 
52. Nd3 a6 53. Ne5 Rg8 54. Nc4 Kd7 55. e4 Kc6 56. Na5+ Kb5 57. Nxb7 Kxb4 
58. Kd5 a5 59. Nxa5 Kxa5 60. e5 Rg1 61. e6 Ra1 62. e7 Rd1+ 63. Kc6 Re1 
64. Kd7 Rd1+ 65. Kc6 Re1 66. Kd7 Rd1+ 67. Kc6 1/2-1/2

[Event "Saturday Night Engine Tour 7 Rd Swiss 12m+1s Starts at 2200hrs ST"]
[Site "Infinity Chess"]
[Date "2018.1.7"]
[Round "7"]
[White "Thinker"]
[Black "MrScience"]
[Result "1/2-1/2 "]
[ECO "C50"]
[WhiteElo "2458"]
[BlackElo "2488"]
[WhiteEngine "BrainFish_180106_x64_modern_CTG"]
[BlackEngine "BrainFish_x64_modern"]
[EventType "Swiss"]
[WhiteTeam ""]
[BlackTeam ""]
[PlyCount "218"]
[TimeControl "720+1"]

1. e4 e5 2. Nf3 Nc6 3. Bc4 Bc5 4. O-O Nf6 5. d3 O-O 6. c3 d6 7. h3 a5 
8. Nbd2 Be6 9. Bb5 h6 10. Re1 Qb8 11. Nf1 Qa7 12. Re2 a4 13. Ng3 Qa5 
14. Bxc6 bxc6 15. Nh4 Rfd8 16. d4 Bb6 17. Nhf5 Kh7 18. Re3 exd4 19. cxd4 Bxf5 
20. Nxf5 Re8 21. Bd2 Qb5 22. Qf3 Re6 23. Rae1 Rae8 24. R3e2 Ba5 25. Bxa5 Qxa5 
26. Ng3 Kg8 27. a3 g6 28. Qd3 h5 29. Qc2 Qg5 30. Nf1 Qb5 31. Nd2 Kg7 
32. Nf3 R6e7 33. e5 Nd7 34. Qc3 Qd5 35. Re4 Kg8 36. Qc1 dxe5 37. Qh6 Qd6 
38. Qg5 Qf6 39. h4 Qxg5 40. hxg5 Kg7 41. Kf1 Rb8 42. R1e2 Rb5 43. g3 Re6 
44. dxe5 Ra5 45. Kg2 Kf8 46. R2e3 Kg7 47. Re1 c5 48. Ng1 Nf8 49. Ne2 Rb6 
50. Rb1 Rb8 51. Nc3 Ne6 52. Rxa4 Rxa4 53. Nxa4 Ra8 54. Nc3 Nxg5 55. f4 Ne6 
56. Kf3 Kf8 57. Ke4 Rd8 58. Rd1 Rb8 59. Na4 Ra8 60. Nc3 Rb8 61. Rd2 Ke7 
62. Nd5+ Kd7 63. f5 gxf5+ 64. Kxf5 Rb3 65. Nf6+ Kc6 66. Nxh5 Rf3+ 67. Kg4 Re3 
68. Kf5 Rf3+ 69. Kg4 Re3 70. Rf2 Rxe5 71. Rxf7 Re2 72. b4 Nd4 73. bxc5 Ra2 
74. Kg5 Rxa3 75. g4 Nf3+ 76. Kf4 Kxc5 77. Rxc7+ Kd6 78. Rb7 Ne1 79. Rb6+ Ke7 
80. Rb7+ Kd6 81. Ng7 Ng2+ 82. Kg5 Ne3 83. Nf5+ Kc6 84. Rb4 Nxg4 85. Kxg4 Kd5 
86. Kf4 Ra1 87. Ne3+ Ke6 88. Rb6+ Kf7 89. Kg5 Re1 90. Rf6+ Kg8 91. Kf4 Kg7 
92. Rd6 Ra1 93. Nf5+ Kf7 94. Rb6 Rc1 95. Ne3 Ra1 96. Nf5 Rc1 97. Ng3 Ra1 
98. Rd6 Re1 99. Kf5 Ra1 100. Rf6+ Kg8 101. Rd6 Kf7 102. Kf4 Rb1 103. Ne4 Ra1 
104. Rf6+ Kg7 105. Re6 Ra4 106. Kf5 Ra1 107. Nf6 Rf1+ 108. Kg5 Rg1+ 109. Ng4 Ra1 
1/2-1/2

[Event "Saturday Night Engine Tour 7 Rd Swiss 12m+1s Starts at 2200hrs ST"]
[Site "Infinity Chess"]
[Date "2018.1.7"]
[Round "7"]
[White "Deep_Impact"]
[Black "SkyPilot"]
[Result "1/2-1/2"]
[ECO "A22"]
[WhiteElo "2513"]
[BlackElo "2479"]
[WhiteEngine "BrainFish_171226_x64_modern"]
[BlackEngine "stockfish_x64_bmi2_2018_01_01_CTG"]
[EventType "Swiss"]
[WhiteTeam ""]
[BlackTeam ""]
[PlyCount "98"]
[TimeControl "720+1"]

1. c4 e5 2. Nc3 Nf6 3. g3 Nc6 4. Nf3 d5 5. cxd5 Nxd5 6. Bg2 Nb6 7. O-O Be7 
8. d3 O-O 9. Be3 Be6 10. d4 exd4 11. Nxd4 Nxd4 12. Bxd4 c6 13. b3 Re8 14. e4 Nd7 
15. Qc2 Qa5 16. Ne2 Rad8 17. h3 f6 18. Rad1 Bf7 19. Be3 Nc5 20. Rxd8 Rxd8 
21. Nd4 Bf8 22. Rd1 Ne6 23. Nxe6 Rxd1+ 24. Qxd1 Bxe6 25. Qc2 a6 26. Bf1 Qb4 
27. Kg2 c5 28. Bd2 Qd4 29. Be3 Qb4 30. Bc4 Bxc4 31. bxc4 b5 32. cxb5 axb5 
33. Qd3 c4 34. Qd5+ Kh8 35. a3 Qxa3 36. Qxb5 Qb4 37. Qe8 c3 38. Qc6 h6 
39. h4 Kh7 40. g4 Bd6 41. Qd5 Be7 42. Qf5+ Kg8 43. Qe6+ Kh7 44. Kf3 Bf8 
45. Kg2 c2 46. Qf5+ Kh8 47. Qe6 Kh7 48. Qf5+ Kh8 49. Qe6 Kh7 1/2-1/2

[Event "Saturday Night Engine Tour 7 Rd Swiss 12m+1s Starts at 2200hrs ST"]
[Site "Infinity Chess"]
[Date "2018.1.7"]
[Round "6"]
[White "Dovahkiin"]
[Black "koalachess"]
[Result "1-0"]
[ECO "A00"]
[WhiteElo "2367"]
[BlackElo "2351"]
[WhiteEngine "BrainFish_180106_x64_modern_CTG"]
[BlackEngine "stockfish_8_x64_CTG"]
[EventType "Swiss"]
[WhiteTeam ""]
[BlackTeam ""]
[PlyCount "137"]
[TimeControl "720+1"]

1. e3 e5 2. e4 Nf6 3. Nc3 Bc5 4. Nf3 Ng4 5. d4 exd4 6. Na4 Bb4+ 7. c3 dxc3 
8. bxc3 Qf6 9. Be2 Nc6 10. O-O Bd6 11. Rb1 a6 12. h3 Nge5 13. Nxe5 Qxe5 
14. f4 Qe7 15. e5 Ba3 16. Bxa3 Qxa3 17. c4 b6 18. Rf3 Qe7 19. Rg3 O-O 
20. Nc3 Qh4 21. Rg4 Qd8 22. Bf3 Rb8 23. Be4 f5 24. exf6 Qxf6 25. Qd5+ Kh8 
26. Qh5 Qh6 27. Qxh6 gxh6 28. Rh4 Bb7 29. Rxh6 Rf7 30. g4 Nd4 31. Bxb7 Rxb7 
32. f5 Rb8 33. f6 d6 34. Nd5 Re8 35. Rf1 Kg8 36. g5 Nc6 37. Kg2 Re4 38. Kg3 Ne5 
39. Ne7+ Rxe7 40. fxe7 Nf7 41. Rhf6 Re3+ 42. R1f3 Rxe7 43. h4 Ne5 44. Rf2 Kg7 
45. h5 Re8 46. h6+ Kg8 47. R2f5 Rd8 48. Re6 Rf8 49. Rxf8+ Kxf8 50. Kf4 Ng6+ 
51. Kf5 Nh4+ 52. Kf6 Ng6 53. Kf5 Nh4+ 54. Ke4 Kf7 55. Rf6+ Ke7 56. Kf4 d5 
57. cxd5 c5 58. Kg3 Nf5+ 59. Rxf5 c4 60. g6 hxg6 61. Rf3 Kd6 62. h7 Kxd5 
63. h8=Q a5 64. Qc3 a4 65. Rf6 a3 66. Rxg6 b5 67. Qd2+ Ke4 68. Re6+ Kf5 69. Qd5# 
1-0

[Event "Saturday Night Engine Tour 7 Rd Swiss 12m+1s Starts at 2200hrs ST"]
[Site "Infinity Chess"]
[Date "2018.1.7"]
[Round "6"]
[White "neófito"]
[Black "KillBill2017"]
[Result "1/2-1/2"]
[ECO "A46"]
[WhiteElo "2405"]
[BlackElo "2419"]
[WhiteEngine "BrainFish_180106_x64_bmi2_CTG"]
[BlackEngine "Raubfisch ME262_GTZ16b1_CTG"]
[EventType "Swiss"]
[WhiteTeam ""]
[BlackTeam ""]
[PlyCount "54"]
[TimeControl "720+1"]

1. d4 Nf6 2. Nf3 d5 3. c4 e6 4. Nc3 c6 5. e3 Nbd7 6. Qc2 Bd6 7. b3 O-O 8. Be2 b6 
9. O-O Bb7 10. Bb2 Qe7 11. Rfe1 h6 12. cxd5 cxd5 13. Nb5 Rfc8 14. Qd3 Bb4 
15. Rec1 Rxc1+ 16. Rxc1 Qd8 17. a3 Bf8 18. Qd1 a6 19. Nc7 Ra7 20. Qc2 Bd6 
21. Ne5 Qe7 22. Bd3 Ne4 23. a4 Qd8 24. Nf3 Nb8 25. Ne5 Nd7 26. Bf1 Nb8 
27. Bd3 Nd7 1/2-1/2

[Event "Saturday Night Engine Tour 7 Rd Swiss 12m+1s Starts at 2200hrs ST"]
[Site "Infinity Chess"]
[Date "2018.1.7"]
[Round "6"]
[White "Tiger"]
[Black "Coco69"]
[Result "1/2-1/2 "]
[ECO "C50"]
[WhiteElo "2433"]
[BlackElo "2424"]
[WhiteEngine "BrainFish_171111_x64_bmi2"]
[BlackEngine "asmFishW_2017-11-19_popcnt_CTG"]
[EventType "Swiss"]
[WhiteTeam ""]
[BlackTeam ""]
[PlyCount "201"]
[TimeControl "720+1"]

1. e4 e5 2. Nf3 Nc6 3. Bc4 Bc5 4. O-O Nf6 5. d3 d6 6. c3 O-O 7. h3 a6 8. Re1 Ba7 
9. a4 h6 10. Nbd2 Re8 11. b4 Be6 12. Bxe6 Rxe6 13. Qc2 Qd7 14. Rb1 Ree8 
15. Nf1 b5 16. Be3 Bxe3 17. Nxe3 Ne7 18. c4 Ng6 19. Kh2 Nf4 20. Red1 bxa4 
21. Ra1 a5 22. b5 Ne6 23. Qxa4 Nc5 24. Qa3 a4 25. Ra2 Qe7 26. Ng1 Rec8 
27. Ne2 Rcb8 28. Qc1 Rb7 29. Nc3 Rba7 30. Qc2 Qf8 31. Rf1 Kh7 32. Kg1 Kg8 
33. Kh2 Kh7 34. Kg1 Kh8 35. Ra3 Kh7 36. Qd1 Qe8 37. Qe2 Nfd7 38. Ncd5 Ne6 
39. Qg4 Kh8 40. g3 Nd4 41. Nf5 Nxf5 42. exf5 f6 43. Nb4 Rc8 44. Rfa1 Nb6 
45. Qd1 Qf7 46. Rc1 Raa8 47. Kg2 Kh7 48. Qc2 Re8 49. Qe2 Red8 50. Qe4 d5 
51. cxd5 Nc8 52. Qf3 Nd6 53. Nc6 Rd7 54. Rb1 Qf8 55. Raa1 Nf7 56. d4 exd4 
57. Nxd4 Ng5 58. Qd3 Rxd5 59. h4 Qd6 60. hxg5 Rxd4 61. g6+ Kg8 62. Qf3 Qd5 
63. Rc1 Qxf3+ 64. Kxf3 Rd5 65. Rxc7 Rxf5+ 66. Kg2 Rxb5 67. Rxa4 Rbb8 
68. Rac4 Rf8 69. R4c6 Rfd8 70. Rc5 Ra6 71. Rd7 Raa8 72. Rdc7 Ra6 73. Rd5 Raa8 
74. Rb5 Rab8 75. Rbc5 Rb6 76. Rd5 Rbb8 77. Ra5 Ra8 78. Rb5 Rab8 79. Rbc5 Rb6 
80. g4 Rbb8 81. Kg3 Ra8 82. Rb5 Rdb8 83. Rxb8+ Rxb8 84. Kf4 Kf8 85. Rf7+ Kg8 
86. Rc7 Re8 87. Rc5 Ra8 88. Kf5 Kf8 89. Rc6 Ra2 90. f4 Re2 91. Rb6 Re8 
92. Rc6 Re2 93. Rc7 Re1 94. Rd7 Re8 95. Rd3 Ke7 96. Re3+ Kf8 97. Rd3 Re2 
98. Rd8+ Re8 99. Rd1 Ra8 100. Rd7 Re8 101. Rd6 1/2-1/2

[Event "Saturday Night Engine Tour 7 Rd Swiss 12m+1s Starts at 2200hrs ST"]
[Site "Infinity Chess"]
[Date "2018.1.7"]
[Round "6"]
[White "Thinker"]
[Black "MarioDeMonti"]
[Result "1-0"]
[ECO "B90"]
[WhiteElo "2443"]
[BlackElo "2430"]
[WhiteEngine "BrainFish_180106_x64_modern_CTG"]
[BlackEngine "stockfish_x64_bmi2_2017_12_26_CTG"]
[EventType "Swiss"]
[WhiteTeam ""]
[BlackTeam ""]
[PlyCount "171"]
[TimeControl "720+1"]

1. e4 c5 2. Nf3 d6 3. d4 cxd4 4. Nxd4 Nf6 5. Nc3 a6 6. Be3 e5 7. Nb3 Be6 
8. h3 Be7 9. f4 O-O 10. Qf3 exf4 11. Bxf4 Nbd7 12. O-O-O Rc8 13. g4 h6 
14. Kb1 Re8 15. Be2 b5 16. Nd5 Bf8 17. Rhf1 Bxd5 18. exd5 Qc7 19. c3 Ne5 
20. Qg2 b4 21. c4 Nfd7 22. g5 hxg5 23. Bxg5 Nxc4 24. Nd4 a5 25. Rc1 Qb6 
26. Rxc4 Rxc4 27. Qf2 Qxd4 28. Qxf7+ Kh8 29. Qxe8 Qe4+ 30. Qxe4 Rxe4 31. Bg4 Nf6 
32. Be6 Re5 33. h4 Kh7 34. Kc2 Be7 35. Rd1 Bf8 36. Bf4 Re2+ 37. Rd2 Re1 
38. Kd3 g6 39. Rc2 Ne4 40. Rc8 Bh6 41. Rc7+ Bg7 42. Be3 Nc5+ 43. Bxc5 dxc5 
44. b3 Kh6 45. Kc4 Be5 46. Ra7 Bf6 47. Kxc5 Bd8 48. Kd6 Bxh4 49. Rxa5 Bg3+ 
50. Kc5 Kg7 51. Kxb4 Bd6+ 52. Kb5 Kf6 53. Ra6 Ke5 54. Rc6 Re4 55. Rc2 Ba3 
56. Kc6 Rd4 57. Re2+ Kf6 58. Rf2+ Ke5 59. Bf7 Rd3 60. Re2+ Kf6 61. Be8 Rc3+ 
62. Kb7 Rd3 63. Re6+ Kg7 64. Kc6 g5 65. d6 Rf3 66. d7 Rc3+ 67. Kb5 Rd3 
68. b4 Rd1 69. Re3 Bb2 70. a4 Bf6 71. a5 Rd5+ 72. Kc6 Rd4 73. b5 Bd8 74. b6 Rc4+ 
75. Kb7 Kf6 76. a6 Rb4 77. Kc8 Bxb6 78. a7 Rc4+ 79. Kb7 Rb4 80. Kc6 Rc4+ 
81. Kxb6 Rd4 82. a8=Q Rxd7 83. Qa1+ Rd4 84. Qxd4+ Kf5 85. Qd5+ Kg4 86. Qe4# 1-0

[Event "Saturday Night Engine Tour 7 Rd Swiss 12m+1s Starts at 2200hrs ST"]
[Site "Infinity Chess"]
[Date "2018.1.7"]
[Round "6"]
[White "Vimtiroba"]
[Black "incredible"]
[Result "1/2-1/2"]
[ECO "C42"]
[WhiteElo "2447"]
[BlackElo "2474"]
[WhiteEngine "SF@17 T3_CTG"]
[BlackEngine "stockfish_18010422_x64_bmi2"]
[EventType "Swiss"]
[WhiteTeam ""]
[BlackTeam ""]
[PlyCount "113"]
[TimeControl "720+1"]

1. e4 e5 2. Nf3 Nf6 3. Nxe5 d6 4. Nf3 Nxe4 5. d4 d5 6. Bd3 Be7 7. O-O Nc6 
8. Nbd2 Nd6 9. c3 Bf5 10. Be2 O-O 11. Re1 Nb8 12. Nf1 Nd7 13. Ne3 Be6 14. Bd3 c6 
15. Qb3 Nf6 16. Nf1 Nfe4 17. Bf4 f5 18. Rad1 g5 19. Bc1 g4 20. Ne5 Bg5 
21. Qc2 Qf6 22. Ng3 Rae8 23. c4 Bxc1 24. cxd5 Bd2 25. Rxd2 cxd5 26. Rde2 Nf7 
27. Qa4 a6 28. Qb4 Qg5 29. Rc2 Nxe5 30. dxe5 Rf7 31. Ne2 Rfe7 32. Nd4 Qg7 
33. f3 gxf3 34. Nxf3 Kh8 35. a3 Rg8 36. Ree2 Rf7 37. Qb6 Re7 38. Re1 f4 
39. Kh1 Bd7 40. b3 Qg6 41. Qxg6 hxg6 42. Kg1 Bf5 43. Rf1 g5 44. h4 Ng3 
45. Bxf5 Nxf5 46. Nxg5 Ne3 47. Rd2 Nxf1 48. Kxf1 Kg7 49. Rxd5 Kg6 50. Kf2 Kf5 
51. e6+ Kg4 52. b4 Kxh4 53. Nf3+ Kg4 54. Ne5+ Kh4 55. Nf3+ Kg4 56. Ne5+ Kh4 
57. Nf3+ 1/2-1/2

[Event "Saturday Night Engine Tour 7 Rd Swiss 12m+1s Starts at 2200hrs ST"]
[Site "Infinity Chess"]
[Date "2018.1.7"]
[Round "6"]
[White "MGR"]
[Black "Victorious"]
[Result "1/2-1/2"]
[ECO "C50"]
[WhiteElo "2474"]
[BlackElo "2504"]
[WhiteEngine "asmFishW_2017-11-19_bmi2"]
[BlackEngine "Houdini 6"]
[EventType "Swiss"]
[WhiteTeam ""]
[BlackTeam ""]
[PlyCount "105"]
[TimeControl "720+1"]

1. e4 e5 2. Nf3 Nc6 3. Bc4 Bc5 4. O-O Nf6 5. d3 d6 6. c3 O-O 7. Bg5 h6 8. Bh4 g5 
9. Bg3 a6 10. Nbd2 Ba7 11. a4 Nh7 12. h3 h5 13. Kh1 Kh8 14. b4 h4 15. Bh2 g4 
16. hxg4 Bxg4 17. b5 Na5 18. Ba2 Qf6 19. d4 Rae8 20. Qb1 Qh6 21. Qd3 f5 
22. exf5 Bxf5 23. Qe3 Qh5 24. Nxe5 Nf6 25. Nf7+ Rxf7 26. Bxf7 Qxf7 27. Qh6+ Kg8 
28. Rfe1 Rf8 29. Qxh4 Qh7 30. Qxh7+ Bxh7 31. Re3 Bb6 32. bxa6 bxa6 33. Rae1 Rf7 
34. Rf3 Bc2 35. Re6 Nd5 36. Re8+ Kg7 37. Rg3+ Bg6 38. c4 Rxf2 39. cxd5 Rxd2 
40. Re6 Rd1+ 41. Bg1 Bxd4 42. Rgxg6+ Kf7 43. Rg4 Rxg1+ 44. Kh2 Bc5 45. Rf4+ Kg7 
46. Rg4+ Kf7 47. Rf4+ Kg7 48. Kg3 Nb3 49. Re7+ Kg6 50. Rg4+ Kf5 51. Rf4+ Kg6 
52. Rg4+ Kf5 53. Rf4+ 1/2-1/2

[Event "Saturday Night Engine Tour 7 Rd Swiss 12m+1s Starts at 2200hrs ST"]
[Site "Infinity Chess"]
[Date "2018.1.7"]
[Round "6"]
[White "CoffeeOne"]
[Black "Satria_Ungu"]
[Result "1/2-1/2"]
[ECO "C58"]
[WhiteElo "2490"]
[BlackElo "2451"]
[WhiteEngine "cfish-2018-01-05"]
[BlackEngine "Houdini 6"]
[EventType "Swiss"]
[WhiteTeam ""]
[BlackTeam ""]
[PlyCount "168"]
[TimeControl "720+1"]

1. e4 e5 2. Nf3 Nc6 3. Bc4 Nf6 4. Ng5 d5 5. exd5 Na5 6. Bb5+ c6 7. dxc6 bxc6 
8. Be2 h6 9. Nh3 Bc5 10. O-O O-O 11. d3 Re8 12. Nc3 Nb7 13. Kh1 Nd6 14. Ng1 Bb6 
15. Na4 Bc7 16. b3 Nf5 17. Bf3 Qd6 18. g3 Nd4 19. Bg2 Bg4 20. f3 Bf5 
21. Qd2 Rad8 22. Ne2 Nd5 23. Bb2 c5 24. Nec3 Ba5 25. Qf2 Nxc3 26. Bxc3 Qc7 
27. Bxa5 Qxa5 28. Rfc1 Re7 29. Nb2 Qc3 30. Nd1 Qa5 31. Kg1 f6 32. Ne3 Bg6 
33. Rab1 Ree8 34. Re1 Kh8 35. Rbc1 Qa6 36. Ra1 Bf7 37. Rad1 Qa5 38. Qd2 Qa6 
39. c3 Nb5 40. Bh3 Kg8 41. Bf5 g6 42. Bh3 Kg7 43. Rc1 Nc7 44. Bf1 Ne6 
45. Rcd1 Qb6 46. Nc4 Qb7 47. Qf2 Qc7 48. Bg2 Kh7 49. Re4 Kg7 50. Re3 Kh8 
51. Rde1 g5 52. Bh3 Bg6 53. Rd1 Qc6 54. Rd2 Kg7 55. Bxe6 Rxe6 56. d4 cxd4 
57. cxd4 Rxd4 58. Rxd4 exd4 59. Rxe6 Qxe6 60. Qxd4 a6 61. Qe3 Qd7 62. h4 Qh3 
63. Qf2 gxh4 64. gxh4 h5 65. Ne3 a5 66. Nc4 a4 67. bxa4 Qd7 68. a5 Qd5 
69. Qa7+ Kg8 70. Qb8+ Kg7 71. Qc7+ Bf7 72. Ne3 Qxf3 73. Nf1 Qe4 74. Qg3+ Kf8 
75. a6 Bd5 76. a3 Kf7 77. Ne3 Qb1+ 78. Kf2 Qb2+ 79. Ke1 Qc3+ 80. Kf2 Qb2+ 
81. Ke1 Qc3+ 82. Kf2 Qd2+ 83. Kg1 Qc1+ 84. Kf2 Qb2+ 1/2-1/2

[Event "Saturday Night Engine Tour 7 Rd Swiss 12m+1s Starts at 2200hrs ST"]
[Site "Infinity Chess"]
[Date "2018.1.7"]
[Round "6"]
[White "Gilgamesch"]
[Black "SkyPilot"]
[Result "1/2-1/2"]
[ECO "B90"]
[WhiteElo "2475"]
[BlackElo "2479"]
[WhiteEngine "BrainFish_171005_x64_bmi2"]
[BlackEngine "stockfish_x64_bmi2_2018_01_01_CTG"]
[EventType "Swiss"]
[WhiteTeam ""]
[BlackTeam ""]
[PlyCount "230"]
[TimeControl "720+1"]

1. e4 c5 2. Nf3 d6 3. d4 cxd4 4. Nxd4 Nf6 5. Nc3 a6 6. Be3 e5 7. Nb3 Be6 
8. Be2 Be7 9. O-O O-O 10. Qd3 Nbd7 11. Nd5 Bxd5 12. exd5 b6 13. c3 Ne8 
14. f4 Nef6 15. Rad1 b5 16. Kh1 Re8 17. g4 exf4 18. Bxf4 Nb6 19. Qf3 Bf8 
20. Rd4 Nfd7 21. Nd2 Ra7 22. g5 Ne5 23. Qf2 Qa8 24. Qg2 Ng6 25. Bg3 Na4 
26. Ne4 Qd8 27. Rd2 Rc7 28. Bh5 Nc5 29. Nxc5 Rxc5 30. Bf2 Rc8 31. Bd4 Re7 
32. Bg4 Rb8 33. Rdf2 b4 34. h4 bxc3 35. bxc3 Ne5 36. h5 Nxg4 37. Qxg4 Qe8 
38. g6 f6 39. gxh7+ Kxh7 40. Kh2 Re4 41. Qf5+ Kh8 42. Kh3 Qc8 43. h6 Qxf5+ 
44. Rxf5 Kh7 45. hxg7 Bxg7 46. Rg1 Rb7 47. Rh5+ Kg8 48. Kg3 Rbe7 49. Kf3 Re1 
50. Rhh1 Rxg1 51. Rxg1 Kf7 52. a4 Rb7 53. Ke2 Rb2+ 54. Kd3 Bf8 55. Rh1 Bg7 
56. Rg1 Bf8 57. Rc1 Be7 58. Kc4 Rh2 59. Rf1 Kg6 60. Kb4 Bd8 61. Rg1+ Kf7 
62. Kc4 Be7 63. Rf1 Kg6 64. Re1 Kf7 65. Kb4 Bd8 66. Be3 Rh4+ 67. c4 Re4 
68. Bf2 Rxe1 69. Bxe1 Bb6 70. Bg3 Ke7 71. Kc3 f5 72. Kd3 Bc5 73. Bh4+ Kf7 
74. Ke2 Bb4 75. Bd8 Ke8 76. Bg5 Kf7 77. Bd8 Kg6 78. Ke3 Kf7 79. Kf4 Kg6 
80. Kg3 Ba3 81. Be7 Bb4 82. Kf4 Ba3 83. Kf3 Bb4 84. Kg3 Bc5 85. Bd8 Bd4 
86. Kf4 Be5+ 87. Ke3 Bb2 88. Be7 Be5 89. Kf3 Kf7 90. Bg5 Bd4 91. Bf4 Bc5 
92. Bc1 Bd4 93. Bf4 Ke7 94. Ke2 Bc5 95. Bg5+ Kf8 96. Kd3 Kf7 97. a5 Bb4 
98. Bf4 Bc5 99. Kc2 Ke7 100. Kc3 Kd7 101. Kd3 Bb4 102. Bd2 Bxd2 103. Kxd2 Ke7 
104. Kd3 Kf6 105. Kd4 f4 106. Ke4 Kg5 107. c5 dxc5 108. d6 Kf6 109. Kd5 f3 
110. Kc6 f2 111. d7 Ke7 112. Kc7 f1=Q 113. d8=Q+ Kf7 114. Qd5+ Kf6 115. Qxc5 Qd3 
1/2-1/2

[Event "Saturday Night Engine Tour 7 Rd Swiss 12m+1s Starts at 2200hrs ST"]
[Site "Infinity Chess"]
[Date "2018.1.7"]
[Round "6"]
[White "MrScience"]
[Black "Deep_Impact"]
[Result "1/2-1/2"]
[ECO "E15"]
[WhiteElo "2487"]
[BlackElo "2514"]
[WhiteEngine "BrainFish_x64_modern"]
[BlackEngine "BrainFish_171226_x64_modern"]
[EventType "Swiss"]
[WhiteTeam ""]
[BlackTeam ""]
[PlyCount "131"]
[TimeControl "720+1"]

1. d4 Nf6 2. c4 e6 3. Nf3 b6 4. g3 Be7 5. Bg2 Bb7 6. O-O O-O 7. Nc3 Ne4 
8. Qd3 Nxc3 9. Qxc3 a5 10. b3 c5 11. Bb2 a4 12. Rad1 Bf6 13. Qc2 axb3 
14. axb3 Nc6 15. Qb1 d5 16. cxd5 exd5 17. Rd2 Na5 18. Bc3 Qe7 19. Rc1 Rfc8 
20. e3 Nc6 21. h4 h6 22. Rdd1 Na7 23. Qd3 Qe4 24. Qe2 Qe8 25. Bf1 c4 26. Qb2 Nb5 
27. Bb4 Nc7 28. Bh3 Rd8 29. Bg2 b5 30. Ne5 Rdb8 31. Ng4 Qe6 32. Qe2 Be7 
33. Bxe7 Qxe7 34. Rb1 f6 35. bxc4 dxc4 36. e4 f5 37. Ne3 fxe4 38. d5 Ra6 
39. Nf5 Qf7 40. Bxe4 Re8 41. Qc2 Rb6 42. Ne3 Qf6 43. h5 Bc8 44. Ra1 Na6 
45. Re1 Nb4 46. Qb1 Rf8 47. Re2 Bd7 48. Ra5 Na6 49. Ng2 Qg5 50. Re3 Nc5 
51. Bh7+ Kh8 52. Nf4 Rbf6 53. Ng6+ Rxg6 54. Bxg6 Qxd5 55. Qb4 Kg8 56. Qc3 Bc6 
57. f3 Ne6 58. Be4 Qg5 59. f4 Nxf4 60. Bxc6 Nh3+ 61. Kh2 Rf2+ 62. Kh1 Rf1+ 
63. Kg2 Rf2+ 64. Kh1 Rf1+ 65. Kg2 Rf2+ 66. Kh1 1/2-1/2